 Dungeon Crawl Stone Soup version 0.30.1-9-gdf580d7c3d (webtiles) character file.

Game seed: 1870006908461788987

531 lonewolfV2 the Shield-Bearer (level 7, -6/55 HPs)
             Began as a Formicid Fighter on Oct 11, 2023.
             Was an Initiate of Gozag.
             Mangled by a two-headed ogre
             ... wielding a +0 giant club
              (12 damage)
             ... on level 5 of the Dungeon on Oct 12, 2023.
             The game lasted 00:06:28 (4552 turns).

lonewolfV2 the Shield-Bearer (Formicid Fighter)     Turns: 4552, Time: 00:06:29

Health: -6/55      AC:  5    Str: 20    XL:     7   Next: 48%
Magic:  7/7        EV: 11    Int: 13    God:    Gozag
Gold:   707        SH:  5    Dex: 15    Spells: 6/6 levels left

rFire   + . .        a - +1 war axe
rCold   + . .        c - +0 buckler
rNeg    . . .        h - +2 leather armour "Gastrem" {Will- Int+5 Slay+2}
rPois   +            (helmet unavailable)
rElec   +            (no cloak)
rCorr   +            (no gloves)
SInv    +            (no boots)
Will    .....        (no amulet)
Stlth   +            (no ring)
HPRegen 0.29/turn    (no ring)
MPRegen 0.10/turn

%: no passive effects
@: resistant
A: permanent stasis, dig shafts and tunnels, antennae 3, four strong arms
a: Dig, Shaft Self, Renounce Religion, Potion Petition, Call Merchant, Bribe
Branch


You were on level 5 of the Dungeon.
You worshipped Gozag.
Gozag was pleased with you.
You visited 2 branches of the dungeon, and saw 6 of its levels.

You collected 734 gold pieces.
You paid 27 gold pieces to Gozag.

Inventory:

Hand Weapons
 a - a +1 war axe (weapon)
Armour
 b - a +1 scale mail
 c - a +0 buckler (worn)
 h - the +2 leather armour "Gastrem" (worn) {Will- Int+5 Slay+2}
   (You found it on level 4 of the Dungeon)

   Int:       It affects your intelligence (+5).
   Slay:      It affects your accuracy & damage with ranged weapons and melee
   (+2).
   Will:      It decreases your willpower.
Jewellery
 d - a ring of ice
 e - a ring of wizardry
 f - the ring of the Commoners {Wiz Dex+4}
   (You found it on level 4 of the Dungeon)

   [ring of wizardry]

   It improves your spell success rate.
   Dex:       It affects your dexterity (+4).
Scrolls
 n - 2 scrolls of brand weapon {unknown}
Potions
 i - a potion of mutation {unknown}
 k - 2 potions of lignification
 l - 2 potions of magic
 m - a potion of attraction {unknown}


   Skills:
 + Level 4.7 Fighting
 + Level 5.0 Axes
 + Level 5.1 Armour
 + Level 1.3 Dodging
 + Level 0.2 Stealth
 + Level 5.2 Shields


You had 6 spell levels left.
You didn't know any spells.
Your spell library contained the following spells:

 Spells                   Type           Power      Damage    Failure   Level
 Magic Dart               Conj           0%         1d3       41%         1
 Searing Ray              Conj           0%         2d4       54%         2
 Summon Guardian Golem    Hex/Summ       0%         N/A       78%         3
 Fulminant Prism          Conj/Hex       0%         3d5       99%         4
 Orb of Destruction       Conj           0%         9d5       100%        7
 Spellforged Servitor     Conj/Summ      0%         N/A       100%        7


Dungeon Overview and Level Annotations

Branches:
Dungeon (5/15)             Temple (1/1) D:5

Altars:
Ashenzari
Cheibriados
Dithmenos
Elyvilon
Fedhas
Gozag
Hepliaklqana
Kikubaaqudgha
Makhleb
Nemelex Xobeh
Okawaru
Qazlal
Ru
Sif Muna
Trog
Uskayaw
Wu Jian
Xom
Yredelemnul
Zin
The Shining One
Lugonu

Portals:
Abyss: D:3


Innate Abilities, Weirdness & Mutations

You cannot be hasted, slowed, berserked, paralysed or teleported.
You can dig through walls and to a lower floor.
You have a pair of large antennae on your head. (SInv)
Your four strong arms can wield two-handed weapons with a shield.


Message History

Found a scroll labelled ATTYIDY NEON.
You block the quokka's attack. The quokka bites you.
You hit the quokka.
You kill the quokka!
You now have 707 gold pieces (gained 8).
HP restored.
n - 2 scrolls labelled ATTYIDY NEON (gained 1)
A two-headed ogre comes into view. It is wielding two +0 giant clubs.
Found a scroll of poison.
The two-headed ogre shouts in stereo!
You hear an angry hiss.
A two-headed ogre is nearby!
A two-headed ogre is nearby!
A two-headed ogre is nearby!
An adder comes into view.
An adder comes into view.
The adder hisses angrily.
A gnoll comes into view.
It is wielding a +4 flail of protection.
The gnoll shouts!
You hit the two-headed ogre.
The two-headed ogre is lightly wounded.
You hear a shout!
The two-headed ogre hits you with a +0 giant club!
The two-headed ogre hits you with a +0 giant club!!
* * * LOW HITPOINT WARNING * * *
The adder barely misses you.
You feel better. You block the two-headed ogre's attack.
The two-headed ogre hits you with a +0 giant club!
* * * LOW HITPOINT WARNING * * *
You feel protected. The adder bites you.
* * * LOW HITPOINT WARNING * * *
The adder bites you.
* * * LOW HITPOINT WARNING * * *
You barely miss the two-headed ogre.
The two-headed ogre is lightly wounded.
You closely miss the adder. You slash the adder!
The adder bites you but does no damage.
The two-headed ogre hits you with a +0 giant club!
You die...
Your body crumbles into a pile of gold.

..###.# #.# ..#
#.######.# ..#
#..b.b.#.# #####
..########b..###...# {
..<.########.....#
###.....####.###.#####..
#####...รท..###.#.g..#
###.....##.SS.##{
##...###....@O..#
###..### ##..####...#
##...#######....# ..#
##..####.......#..# .
...## #.......##.# ####
#.......# .# # #.......#
. ######### . ?.


You could see a two-headed ogre, a gnoll and 2 adders.

Vanquished Creatures
  An ogre (D:3)
  2 scorpions (D:4)
  A howler monkey (D:4)
  A hound (D:5)
  A jelly (D:4)
  2 orc wizards (D:4)
  4 gnolls (D:4)
  4 adders
  A river rat (D:4)
  3 worms
  3 dart slugs
  An orc (D:4)
  7 endoplasms
  5 giant cockroaches
  8 goblins
  9 hobgoblins
  5 quokkas
  6 ball pythons
  6 bats
  4 frilled lizards
  14 kobolds
  6 rats
94 creatures vanquished.

Notes
Turn   | Place    | Note
-------+----------+-------------------------------------------
     0 | D:1      | lonewolfV2 the Formicid Fighter began the quest for the
                  | Orb.
     0 | D:1      | Reached XP level 1. HP: 18/18 MP: 1/1
   206 | D:1      | Reached XP level 2. HP: 24/24 MP: 2/2
   363 | D:1      | Found a faded altar of an unknown god.
  1415 | D:2      | Reached XP level 3. HP: 30/30 MP: 3/3
  1568 | D:2      | You fall into a shaft and drop 1 floor!
  1576 | D:3      | Found a large runed translucent door.
  1578 | D:3      | Found a large runed translucent door.
  1813 | D:2      | Reached XP level 4. HP: 37/37 MP: 4/4
  2456 | D:3      | Found a corrupted altar of Lugonu.
  2488 | D:3      | Noticed an ogre
  2498 | D:3      | Killed an ogre
  2499 | D:3      | Reached XP level 5. HP: 21/42 MP: 5/5
  2584 | D:3      | Found a broken altar of Ashenzari.
  2584 | D:3      | Found a shimmering altar of Xom.
  2585 | D:3      | Found a one-way gate to the infinite horrors of the Abyss.
  2590 | D:3      | Found a glowing silver altar of Zin.
  2591 | D:3      | Found an ancient bone altar of Kikubaaqudgha.
  2592 | D:3      | Found a hazy altar of Hepliaklqana.
  2593 | D:3      | Found a sparkling altar of Nemelex Xobeh.
  2595 | D:3      | Found a sacrificial altar of Ru.
  2873 | D:3      | Found a basalt altar of Yredelemnul.
  3113 | D:4      | Identified a scroll of acquirement
  3113 | D:4      | Acquired 648 gold pieces
  3125 | D:4      | Reached XP level 6. HP: 44/48 MP: 6/6
  3516 | D:4      | Reached skill level 1 in Dodging
  3516 | D:4      | Reached skill level 5 in Shields
  3516 | D:4      | Reached XP level 7. HP: 38/55 MP: 7/7
  3627 | D:4      | Identified the ring of the Commoners {Wiz Dex+4}
  3656 | D:4      | Reached skill level 5 in Armour
  3674 | D:4      | Identified the +2 leather armour "Gastrem" {Will- Int+5
                  | Slay+2}
  3829 | D:4      | Found a glowing drain.
  4083 | D:4      | Found a snail-covered altar of Cheibriados.
  4277 | D:5      | Entered Level 5 of the Dungeon
  4291 | D:5      | Reached skill level 5 in Axes
  4330 | D:5      | Found a staircase to the Ecumenical Temple.
  4406 | Temple   | Entered the Ecumenical Temple
  4435 | Temple   | Became a worshipper of Gozag Ym Sagoz the Greedy
  4545 | D:5      | Noticed a two-headed ogre
  4552 | D:5      | Mangled by a two-headed ogre

Illustrated notes

Levels and vault maps discovered:
D:1:      onia_arrival_mini_spirals, layout_loops_ring,
          chequers_ecumenical_altar_island, hangedman_abyss_or_decor_stabs,
          amcnicky_mini_pool_small, kennysheep_small_spiral
D:2:      layout_loops_ring
D:3:      due_chaos_kobolds, layout_loops_cross,
          mainiacjoe_overflow_surrounded_room, minitemple
D:4:      layout_cave_pools, slow_altar_2, serial_column_ruins,
          column_ruins_grid_1, column_ruins_columns_straight,
          column_ruins_columns_straight, column_ruins_columns_straight,
          gup_sewer_entry_bowl, kennysheep_windowed_goal
D:5:      layout_rooms, minmay_temple_entry_wispy, minmay_manual_macuahuitl
Temple:   chequers_temple_sunken

Skill      XL: |  1  2  3  4  5  6  7 |
---------------+----------------------+-----
Fighting       | 4 |  4.7
Axes           | 3 4 5 |  5.0
Armour         | 4 5 |  5.1
Dodging        | 1 |  1.3
Shields        | 5 |  5.2
Stealth        | |  0.2

Action                     |  1- 3 |  4- 6 |  7- 9 || total
---------------------------+-------+-------+-------++-------
  Melee: War axe           |    96 |    80 |    57 ||   233
    Use: Scroll            |     5 |     8 |     2 ||    15
         Potion            |       |     4 |     2 ||     6
 Armour: Scale mail        |    45 |    53 |    16 ||   114
         Leather armour    |       |       |     6 ||     6
  Dodge: Dodged            |    47 |    46 |    29 ||   122
  Block: Buckler           |    19 |    36 |    28 ||    83
